 Dungeon Crawl Stone Soup version 0.20.1-1-g8b1a95d (webtiles) character file.

9 tidbits the Magician (level 1, 0/14 HPs)
             Began as a Demigod Wanderer on Aug 23, 2017.
             Slain by a kobold (1 damage)
             ... on level 1 of the Dungeon.
             The game lasted 00:02:13 (208 turns).

tidbits the Magician (Demigod Wanderer)              Turns: 208, Time: 00:02:14

Health: 0/14       AC:  2    Str: 11 (14) XL:     1   Next: 93%
Magic:  7/7        EV: 11    Int: 16 (18) God:
Gold:   6          SH:  4    Dex: 11 (14) Spells: 7/7 levels left

rFire    . . .     SeeInvis .   a - +0 whip
rCold    . . .     Gourm    .   c - +0 buckler
rNeg     . . .     Faith    .   d - +0 robe
rPois    .         Spirit   .   (no helmet)
rElec    .         Reflect  .   (no cloak)
rCorr    .         Harm     .   (no gloves)
MR       .....                  (no boots)
Stlth    +.........             (no amulet)
Regen    0.1/turn               (no ring)
MPRegen  0.1/turn               (no ring)

@: no status effects
A: high mp 1
a: no special abilities


You were on level 1 of the Dungeon.
You were not hungry.

You visited 1 branch of the dungeon, and saw 2 of its levels.

You collected 6 gold pieces.

Inventory:

Hand Weapons
 a - a +0 whip (weapon)
 e - a +0 club
Missiles
 g - 12 poisoned needles
Armour
 c - a +0 buckler (worn)
 d - a +0 robe (worn)
 j - a +0 cloak
Scrolls
 i - 3 scrolls of identify {unknown}
Books
 b - Vehumet's Almanac of Battle Magic

   Spells                             Type                      Level
   a - Sting                          Conjuration/Poison           1
   b - Mephitic Cloud                 Conjuration/Poison/Air       3
 h - a book of Minor Magic

   Spells                             Type                      Level
   a - Magic Dart                     Conjuration                  1
   b - Blink                          Translocation                2
   c - Call Imp                       Summoning                    2
   d - Slow                           Hexes                        2
   e - Conjure Flame                  Conjuration/Fire             3
   f - Mephitic Cloud                 Conjuration/Poison/Air       3
Comestibles
 f - a bread ration


   Skills:
 + Level 2.5 Shields
 - Level 3.6 Spellcasting
   Level 1.0 Ice Magic
   Level 1.0 Air Magic
   Level 1.0 Earth Magic
   Level 1.0 Poison Magic


You had 7 spell levels left.
You didn't know any spells.

Dungeon Overview and Level Annotations

Branches:
Dungeon (2/15)


Innate Abilities, Weirdness & Mutations

You have an increased reservoir of magic. (+10% MP)


Message History

Okay, then.
Found a dark potion.
A goblin comes into view. It is wielding a club.
You see here a dark potion.
j - a dark potion The goblin shouts!
You hit the goblin.
The goblin is moderately wounded.
The goblin barely misses you.
You hit the goblin.
You kill the goblin!
A dart slug comes into view.
Things that are here:
a club; a goblin corpse You hit the dart slug.
The dart slug is heavily wounded.
The dart slug launches a dart at you. The slug dart hits you!
* * * LOW HITPOINT WARNING * * *
You hit the dart slug but do no damage.
The dart slug is heavily wounded.
The dart slug bites you.
* * * LOW HITPOINT WARNING * * *
You hit the dart slug.
The dart slug is severely wounded.
The dart slug bites you.
* * * LOW HITPOINT WARNING * * *
You hit the dart slug but do no damage.
The dart slug is severely wounded.
The dart slug bites you.
* * * LOW HITPOINT WARNING * * *
It was a potion of degeneration.
There was something very wrong with that liquid.
You feel weakened.
You feel dopey.
You feel clumsy.
You hit the dart slug.
You kill the dart slug!
Things that are here:
a club; a goblin corpse
Found 2 tomahawks.
Found a whip.
You see here 2 tomahawks.
j - 2 tomahawks A kobold comes into view.
The kobold throws a stone.
The stone hits you.
* * * LOW HITPOINT WARNING * * *
Things that are here:
a stone; a whip Throwing (i - inventory):
j - 2 tomahawks (quivered)
Press: ? - help, Shift-Dir - straight line, f - kobold
Aim: a kobold You throw a tomahawk.
The tomahawk closely misses the kobold.
The kobold throws a stone.
The stone barely misses you.
Throwing (i - inventory):
j - a tomahawk (quivered)
Press: ? - help, Shift-Dir - straight line, f/p - kobold
Aim: a kobold You throw a tomahawk.
The tomahawk hits the kobold.
You kill the kobold!
j - a tomahawk A goblin comes into view.
The goblin shouts!
Throwing (i - inventory):
j - a tomahawk (quivered)
Press: ? - help, Shift-Dir - straight line, f - goblin
Aim: a goblin You throw a tomahawk.
The tomahawk hits the goblin.
You kill the goblin!
Found 18 stones.
j - a tomahawk
Found a cloak.
A kobold comes into view.
Found a stone staircase leading down.
Throwing (i - inventory):
j - a tomahawk (quivered)
Press: ? - help, Shift-Dir - straight line, f - kobold
Aim: a kobold (resting)
You throw a tomahawk. The tomahawk hits the kobold.
The kobold is moderately wounded.
The kobold throws a stone.
The stone closely misses you.
Firing (i - inventory): No suitable missiles.
Press: ? - help, Shift-Dir - straight line, f/p - kobold
Aim: a kobold (moderately wounded)
Okay, then.
Firing (i - inventory): No suitable missiles.
Press: ? - help, Shift-Dir - straight line, f/p - kobold
Aim: a kobold (moderately wounded)
Okay, then.
Firing (i - inventory): No suitable missiles.
Press: ? - help, Shift-Dir - straight line, f/p - kobold
Aim: a kobold (moderately wounded)
Okay, then.
You see here a cloak.
j - a cloak Wear which item? (? for menu, Esc to quit)
Keep equipping yourself?
You start putting on your armour.
You continue putting on your cloak. x2
The kobold hits you.
* * * LOW HITPOINT WARNING * * *
You continue putting on your cloak.
The kobold closely misses you.
You continue putting on your cloak.
The kobold hits you.
You die...

######## #.
...(...##. #.####
.......##.# ....#
.......##... ..#.#
.......##..K##.#>#
.......##......#@#
.......##..##..#K#
.......##.......(#
#########......###
.## #####.## #.#
#.# #.# #.#
#.###########.#
..............#


You could see a kobold.

Vanquished Creatures
  A dart slug (D:1)
  3 goblins (D:1)
  A kobold (D:1)
  A bat (D:1)
  A frilled lizard (D:1)
7 creatures vanquished.

Notes
Turn   | Place    | Note
-------+----------+-------------------------------------------
     0 | D:1      | tidbits the Demigod Wanderer began the quest for the Orb.
     0 | D:1      | tidbits set off with: a book of Minor Magic, Vehumet's Almanac of Battle Magic, a +0 buckler, a +0 robe, a +0 club, a bread ration
     0 | D:1      | Reached XP level 1. HP: 14/14 MP: 7/7
     0 | D:1      | Identified Vehumet's Almanac of Battle Magic
    79 | D:1      | Reached skill level 2 in Shields
   116 | D:1      | HP: 1/14 [dart slug (3)]
   140 | D:1      | HP: 1/14 [kobold/stone (1)]
   206 | D:1      | HP: 1/14 [kobold (2)]
   208 | D:1      | Slain by a kobold

Skill      XL: |  1 |
---------------+----+-----
Shields        | 2 |  2.5
Spellcasting   | |  3.6
Ice Magic      | |  1.0
Air Magic      | |  1.0
Earth Magic    | |  1.0
Poison Magic   | |  1.0

Action                   || total
-------------------------++-------
Melee: Whip              ||    15
       Club              ||     7
Throw: Tomahawk          ||     4
  Use: Potion            ||     1
Armor: Robe              ||     6
Dodge: Dodged            ||    14
Block: Buckler           ||     3

Table legend:
 A = Turns spent in this place as a percentage of turns spent in the entire game.
 B = Non-inter-level travel turns spent in this place as a percentage of non-inter-level travel turns spent in the entire game.
 C = Inter-level travel turns spent in this place as a percentage of turns spent in this place.
 D = Turns resting spent in this place as a percentage of non-inter-level travel turns spent in this place.
 E = Turns spent auto-exploring this place as a percentage of non-inter-level travel turns spent in this place.
 F = Non-inter-level travel turns spent in this place divided by the number of levels of this place that you've seen.
                   A       B       C       D       E      F
               +-------+-------+-------+-------+-------+----------------------
         Total | 100.0 | 100.0 |   0.0 |   0.0 |   0.0 |  97.0
       Dungeon | 100.0 | 100.0 |   0.0 |   0.0 |   0.0 |  97.0
               +-------+-------+-------+-------+-------+----------------------

Table legend:
 A = Kills in this place as a percentage of kills in entire the game.
 B = Kills by you in this place as a percentage of kills by you in the entire game.
 C = Kills by friends in this place as a percentage of kills by friends in the entire game.
 D = Other kills in this place as a percentage of other kills in the entire game.
 E = Experience gained in this place as a percentage of experience gained in the entire game.
 F = Experience gained in this place divided by the number of levels of this place that you have seen.
                   A       B       C       D       E      F
               +-------+-------+-------+-------+-------+----------------------
         Total | 100.0 | 100.0 |  -nan |  -nan | 100.0 |   7.0
       Dungeon | 100.0 | 100.0 |  -nan |  -nan | 100.0 |   7.0
               +-------+-------+-------+-------+-------+----------------------

Vault maps used:
D:1:      lemuel_arrival_river_passageway
